 Dungeon Crawl Stone Soup version 0.28.0 (webtiles) character file.

Game seed: 17074269803827059352

49 Ayyar the Grasshopper (level 3, 0/31 HPs)
             Began as a Gnoll Warper on Apr 1, 2022.
             Was a Follower of Okawaru.
             Slain by a gnoll (8 damage)
             ... on level 2 of the Dungeon on Apr 6, 2022.
             The game lasted 00:04:58 (1060 turns).

Ayyar the Grasshopper (Gnoll Warper)                Turns: 1060, Time: 00:04:59

Health: 0/31       AC:  3    Str: 12    XL:     3   Next: 75%
Magic:  8/9        EV: 12    Int: 12    God:    Okawaru [*.....]
Gold:   29         SH:  0    Dex: 11    Spells: 10/12 levels left

rFire   . . .      SeeInvis .   a - +0 mace
rCold   . . .      Faith    .   (no shield)
rNeg    . . .      Spirit   .   b - +0 leather armour
rPois   .          Reflect  .   (no helmet)
rElec   .          Harm     .   (no cloak)
rCorr   .          Rampage  .   (no gloves)
Will    .....                   (no boots)
Stlth   +.........              (no amulet)
HPRegen 0.10/turn               (no ring)
MPRegen 0.11/turn               (no ring)

@: no status effects
A: fangs 1, strong nose, distributed training
a: Renounce Religion, Heroism


You were on level 2 of the Dungeon.
You worshipped Okawaru.
Okawaru was aware of your devotion.
You visited 1 branch of the dungeon, and saw 2 of its levels.

You collected 29 gold pieces.

Inventory:

Hand Weapons
 a - a +0 mace (weapon)
Missiles
 d - 4 boomerangs of dispersal
 k - 5 poisoned darts (quivered)
Armour
 b - a +0 leather armour (worn)
 e - a +0 ring mail
Scrolls
 c - a scroll of blinking
 f - a scroll of amnesia {unknown}
 i - a scroll of immolation {unknown}
 l - a scroll of teleportation {unknown}
 m - a scroll of identify {unknown}
Potions
 g - a potion of heal wounds {unknown}
 h - a potion of curing {unknown}
 j - a potion of mutation {unknown}


   Skills:
 + Level 4.5 Fighting
 + Level 0.9 Short Blades
 + Level 0.9 Long Blades
 + Level 0.9 Axes
 + Level 4.5 Maces & Flails
 + Level 0.9 Polearms
 + Level 0.9 Staves
 + Level 0.9 Slings
 + Level 0.9 Bows
 + Level 0.9 Crossbows
 + Level 2.6 Throwing
 + Level 2.6 Armour
 + Level 4.5 Dodging
 + Level 0.9 Stealth
 + Level 0.9 Shields
 + Level 0.9 Unarmed Combat
 + Level 5.0 Spellcasting
 + Level 0.6 Conjurations
 + Level 0.6 Hexes
 + Level 0.6 Summonings
 + Level 0.6 Necromancy
 + Level 5.4 Translocations
 + Level 0.6 Transmutations
 + Level 0.6 Fire Magic
 + Level 0.6 Ice Magic
 + Level 0.6 Air Magic
 + Level 0.6 Earth Magic
 + Level 0.6 Poison Magic
 + Level 1.0 Invocations
 + Level 0.9 Evocations


You had 10 spell levels left.
You knew the following spells:

 Your Spells              Type           Power      Damage    Failure   Level
a - Blink                 Tloc           32%        N/A       4%          2

Your spell library contained the following spells:

 Spells                   Type           Power      Damage    Failure   Level
 Gell's Gravitas          Tloc           16%        N/A       9%          3
 Lesser Beckoning         Tloc           16%        N/A       9%          3
 Teleport Other           Tloc           16%        N/A       9%          3
 Manifold Assault         Tloc           16%        N/A       58%         5


Dungeon Overview and Level Annotations

Branches:
Dungeon (2/15)

Altars:
Okawaru


Innate Abilities, Weirdness & Mutations

You have very sharp teeth.
Your uncanny sense of smell can sniff out nearby items.
Your experience applies equally to all skills.


Message History

HP restored.
A gnoll comes into view. It is wielding a +0 spear.
The gnoll shouts!
A gnoll comes into view. It is wielding a +0 spear.
The gnoll shouts!
You gain the combat prowess of a mighty hero.
A gnoll comes into view. It is wielding a +0 whip.
The gnoll closely misses you. The gnoll hits you but does no damage.
The gnoll misses you.
You barely miss the gnoll. The gnoll hits you with a +0 spear.
The gnoll misses you.
The gnoll shouts!
You hit the gnoll. You punch the gnoll, but do no damage.
The gnoll is lightly wounded.
The gnoll hits you with a +0 spear.
The gnoll hits you from afar with a +0 spear.
You thump the gnoll!
The gnoll is severely wounded.
The gnoll hits you with a +0 spear. The gnoll misses you.
You sock the gnoll!
You kill the gnoll!
Okawaru accepts your kill.
The gnoll throws a throwing net.
The throwing net hits you.
You become entangled in the net!
You tear a large gash into the net.
The gnoll hits you from afar with a +0 spear.
You shred the net and break free! The gnoll closely misses you.
The gnoll hits you with a +0 spear.
* * * LOW HITPOINT WARNING * * *
Things that are here:
a +0 spear; a gnoll corpse You barely miss the gnoll.
You bite the gnoll, but do no damage. You sock the gnoll!
The gnoll is heavily wounded.
The gnoll completely misses you.
You hit the gnoll.
The gnoll is almost dead.
You feel like a meek peon again. The gnoll hits you with a +0 spear!
You die...

... ### #.# #.#
#.# #.# #.# #g#
#g# #@# #.# ###
#.#
..##############.#
#................#
##################


You could see 2 gnolls.

Vanquished Creatures
  A gnoll (D:2)
  An adder (D:2)
  2 bats (D:2)
  4 endoplasms
  A goblin (D:1)
  3 hobgoblins
  A quokka (D:2)
  5 ball pythons
  5 frilled lizards
  3 kobolds
  6 rats
32 creatures vanquished.

Notes
Turn   | Place    | Note
-------+----------+-------------------------------------------
     0 | D:1      | Ayyar the Gnoll Warper began the quest for the Orb.
     0 | D:1      | Reached XP level 1. HP: 20/20 MP: 6/6
   151 | D:1      | Reached XP level 2. HP: 26/26 MP: 7/7
   162 | D:1      | Learned a level 2 spell: Blink
   736 | D:2      | Reached XP level 3. HP: 28/31 MP: 9/9
   778 | D:2      | Reached skill level 5 in Spellcasting
   936 | D:2      | Found a faded altar of an unknown god.
   952 | D:2      | Reached skill level 1 in Invocations
   969 | D:2      | Prayed at the altar of an unknown god.
   969 | D:2      | Became a worshipper of Warmaster Okawaru
   969 | D:2      | Reached * piety under Okawaru
  1060 | D:2      | Slain by a gnoll

Illustrated notes

Levels and vault maps discovered:
D:1:      psy_arrival_spokes, layout_rooms, kennysheep_doodads
D:2:      layout_loops_ring, hellmonk_ecumenical_altar_inner_sanctum,
          minmay_pentomino_pile, uniq_jessica, uniq_sigmund

Skill      XL: |  1  2  3 |
---------------+----------+-----
Spellcasting   | 5 |  5.0
Invocations    | 1 |  1.0
Fighting       | |  4.5
Short Blades   | |  0.9
Long Blades    | |  0.9
Axes           | |  0.9
Maces & Flails | |  4.5
Polearms       | |  0.9
Staves         | |  0.9
Slings         | |  0.9
Bows           | |  0.9
Crossbows      | |  0.9
Throwing       | |  2.6
Armour         | |  2.6
Dodging        | |  4.5
Stealth        | |  0.9
Shields        | |  0.9
Unarmed Combat | |  0.9
Conjurations   | |  0.6
Hexes          | |  0.6
Summonings     | |  0.6
Necromancy     | |  0.6
Translocations | |  5.4
Transmutations | |  0.6
Fire Magic     | |  0.6
Ice Magic      | |  0.6
Air Magic      | |  0.6
Earth Magic    | |  0.6
Poison Magic   | |  0.6
Evocations     | |  0.9

Action                   || total
-------------------------++-------
Melee: Mace              ||    69
       Punch             ||     2
       Bite              ||     2
Throw: Dart              ||     6
       Boomerang         ||     1
Invok: Heroism           ||     1
Armor: Leather armour    ||    10
Dodge: Dodged            ||    47
